 Dungeon Crawl Stone Soup version 0.26-a0-665-gefeb406119 (webtiles) character file.

Game seed: 9266012951778841471

298 somkeydreadnuts the Stinger (level 6, -7/44 HPs)
             Began as a Gnoll Venom Mage on Oct 15, 2020.
             Was an Initiate of Vehumet.
             Mangled by an orc warrior
             ... wielding a +0 hand axe
              (21 damage)
             ... on level 3 of the Dungeon.
             The game lasted 00:22:13 (2843 turns).

somkeydreadnuts the Stinger (Gnoll Venom Mage)      Turns: 2843, Time: 00:22:17

Health: -7/44      AC:  6    Str: 10    XL:     6   Next: 36%
Magic:  3/14       EV: 15    Int: 18    God:    Vehumet [......]
Gold:   122        SH:  0    Dex: 17    Spells: 12/15 levels left

rFire    . . .     SeeInvis .   m - +0 hunting sling
rCold    . . .     Faith    .   (no shield)
rNeg     . . .     Spirit   .   a - +0 robe
rPois    .         Reflect  .   (no helmet)
rElec    .         Harm     .   (no cloak)
rCorr    .         Rampage  .   (no gloves)
MR       .....                  (no boots)
Stlth    +++.......             (no amulet)
HPRegen  0.14/turn              c - +4 ring of protection
MPRegen  0.14/turn              (no ring)

@: no status effects
A: distributed training, fangs 1, strong nose
a: Renounce Religion


You were on level 3 of the Dungeon.
You worshipped Vehumet.
Vehumet was noncommittal.
You visited 1 branch of the dungeon, and saw 3 of its levels.

You collected 122 gold pieces.

Inventory:

Hand Weapons
 d - a +0 shortbow
 m - a +0 hunting sling (weapon)
Missiles
 b - 35 arrows
 e - 2 javelins
 k - 75 stones (quivered)
 l - 10 bolts
Armour
 a - a +0 robe (worn)
Jewellery
 c - a +4 ring of protection (left hand)
Scrolls
 h - a scroll of fear {unknown}
 i - 2 scrolls of identify
 j - a scroll of blinking
 p - a scroll of remove curse
 q - a scroll of amnesia
Potions
 f - a potion of heal wounds
 g - a potion of brilliance {unknown}
 n - a potion of flight {unknown}
 o - a potion of invisibility {unknown}


   Skills:
 + Level 1.9 Fighting
 + Level 1.9 Short Blades
 + Level 1.9 Long Blades
 + Level 1.9 Axes
 + Level 1.9 Maces & Flails
 + Level 1.9 Polearms
 + Level 1.9 Staves
 + Level 1.9 Slings
 + Level 1.9 Bows
 + Level 1.9 Crossbows
 + Level 1.9 Throwing
 + Level 1.9 Armour
 + Level 5.0 Dodging
 + Level 4.6 Stealth
 + Level 1.9 Shields
 + Level 1.9 Unarmed Combat
 + Level 5.3 Spellcasting
 + Level 1.5 Conjurations
 + Level 1.5 Hexes
 + Level 1.5 Summonings
 + Level 1.5 Necromancy
 + Level 1.5 Translocations
 + Level 2.6 Transmutations
 + Level 1.5 Fire Magic
 + Level 1.5 Ice Magic
 + Level 1.5 Air Magic
 + Level 1.5 Earth Magic
 + Level 5.6 Poison Magic
 + Level 2.1 Invocations
 + Level 1.9 Evocations


You had 12 spell levels left.
You knew the following spells:

 Your Spells              Type           Power        Failure   Level
a - Sting                 Tmut/Pois      ###.         2%          1
b - Poisonous Vapours     Pois/Air       ###...       4%          2

Your spell library contained the following spells:

 Spells                   Type           Power        Failure   Level
 Ignite Poison            Fire/Tmut/Pois ###.....     10%         3
 Mephitic Cloud           Conj/Pois/Air  ###.....     12%         3
 Olgreb's Toxic Radiance  Pois           ####....     12%         4


Dungeon Overview and Level Annotations

Branches:
Dungeon (3/15)

Altars:
Dithmenos
Nemelex Xobeh
Vehumet


Innate Abilities, Weirdness & Mutations

Your experience applies equally to all skills.
You have very sharp teeth.
Your uncanny sense of smell can sniff out nearby items.


Message History

The orc warrior looks even sicker.
The orc warrior closely misses you.
Firing (i - inventory. (/) - cycle)
k - 77 stones (quivered)
Press: ? - help, Shift-Dir - straight line, f/p - orc warrior
Aim: an orc warrior, wielding a +0 hand axe and wearing a +0 plate armour (moderately wounded, very poisoned)
You shoot a stone.
The stone hits the orc warrior but does no damage.
The orc warrior is moderately wounded.
The orc warrior closely misses you.
Your magical contamination has completely faded away.
You kill the orc!
Vehumet accepts your kill.
The orc priest mumbles some strange prayers to Beogh against you.
Beogh smites you!
Firing (i - inventory. (/) - cycle)
k - 76 stones (quivered)
Press: ? - help, Shift-Dir - straight line, f/p - orc warrior
Aim: an orc warrior, wielding a +0 hand axe and wearing a +0 plate armour (moderately wounded, very poisoned)
You shoot a stone. The stone hits the orc warrior.
The orc warrior is heavily wounded.
The orc warrior hits you with a +0 hand axe!!
You die...

##..#
...#####..######.
...............(.
...######..#####
#..# #..## .
##..#
....#######..#
.l.....o(o@.>#
#.#.##########


You could see an orc warrior (very poisoned) and an orc priest.

Vanquished Creatures
  A centaur (D:3)
  2 orc wizards (D:3)
  Natasha (twice) (D:2)
  2 adders
  An ooze (D:1)
  2 worms
  2 dart slugs
  4 leopard geckos
  4 orcs (D:3)
  2 ball pythons
  3 giant cockroaches
  7 goblins
  9 hobgoblins
  4 jackals
  3 kobolds (D:1)
  3 quokkas
  15 bats
  2 frilled lizards
  6 rats
74 creatures vanquished.

Notes
Turn   | Place    | Note
-------+----------+-------------------------------------------
     0 | D:1      | somkeydreadnuts the Gnoll Venom Mage began the quest for
                  | the Orb.
     0 | D:1      | Reached XP level 1. HP: 13/13 MP: 6/6
   193 | D:1      | Reached XP level 2. HP: 19/19 MP: 5/7
   385 | D:1      | Learned a level 2 spell: Poisonous Vapours
   703 | D:1      | Reached XP level 3. HP: 25/25 MP: 2/9
   812 | D:1      | Reached skill level 5 in Spellcasting
  1228 | D:2      | Found a shadowy altar of Dithmenos.
  1249 | D:2      | Reached skill level 1 in Invocations
  1287 | D:2      | Found a sparkling altar of Nemelex Xobeh.
  1341 | D:2      | Reached skill level 1 in Fighting
  1341 | D:2      | Reached skill level 1 in Short Blades
  1341 | D:2      | Reached skill level 1 in Long Blades
  1341 | D:2      | Reached skill level 1 in Axes
  1341 | D:2      | Reached skill level 1 in Maces & Flails
  1341 | D:2      | Reached skill level 1 in Polearms
  1341 | D:2      | Reached skill level 1 in Staves
  1341 | D:2      | Reached skill level 1 in Slings
  1341 | D:2      | Reached skill level 1 in Bows
  1341 | D:2      | Reached skill level 1 in Crossbows
  1341 | D:2      | Reached skill level 1 in Throwing
  1341 | D:2      | Reached skill level 1 in Armour
  1341 | D:2      | Reached skill level 1 in Shields
  1341 | D:2      | Reached skill level 1 in Unarmed Combat
  1341 | D:2      | Reached skill level 1 in Evocations
  1459 | D:2      | Reached XP level 4. HP: 27/32 MP: 6/11
  1691 | D:2      | Noticed Natasha
  1701 | D:2      | Killed Natasha
  1701 | D:2      | Reached skill level 1 in Conjurations
  1701 | D:2      | Reached skill level 1 in Hexes
  1701 | D:2      | Reached skill level 1 in Summonings
  1701 | D:2      | Reached skill level 1 in Necromancy
  1701 | D:2      | Reached skill level 1 in Translocations
  1701 | D:2      | Reached skill level 1 in Fire Magic
  1701 | D:2      | Reached skill level 1 in Ice Magic
  1701 | D:2      | Reached skill level 1 in Air Magic
  1701 | D:2      | Reached skill level 1 in Earth Magic
  1810 | D:2      | Noticed Natasha
  1814 | D:2      | Killed Natasha
  1814 | D:2      | Reached XP level 5. HP: 37/37 MP: 3/12
  2154 | D:3      | Noticed a centaur
  2159 | D:3      | Killed a centaur
  2345 | D:3      | Reached XP level 6. HP: 44/44 MP: 7/13
  2443 | D:3      | Found a radiant altar of Vehumet.
  2463 | D:3      | Became a worshipper of Vehumet
  2619 | D:3      | Reached skill level 5 in Dodging
  2833 | D:3      | Noticed an orc warrior
  2843 | D:3      | Mangled by an orc warrior

Illustrated notes

Levels and vault maps discovered:
D:1:      dpeg_arrival_water_temple_mockup, layout_basic, minmay_ruptured
D:2:      layout_basic, grunt_dithmenos_smoke_and_mirrors,
          lemuel_coloured_pillars_altar, uniq_natasha
D:3:      layout_basic, vehumet_crystals

Skill      XL: |  1  2  3  4  5  6 |
---------------+-------------------+-----
Transmutations | 2 |  2.6
Spellcasting   | 5 |  5.3
Invocations    | 1 2 |  2.1
Fighting       | 1 |  1.9
Short Blades   | 1 |  1.9
Long Blades    | 1 |  1.9
Axes           | 1 |  1.9
Maces & Flails | 1 |  1.9
Polearms       | 1 |  1.9
Staves         | 1 |  1.9
Slings         | 1 |  1.9
Bows           | 1 |  1.9
Crossbows      | 1 |  1.9
Throwing       | 1 |  1.9
Armour         | 1 |  1.9
Shields        | 1 |  1.9
Unarmed Combat | 1 |  1.9
Evocations     | 1 |  1.9
Conjurations   | 1 |  1.5
Hexes          | 1 |  1.5
Summonings     | 1 |  1.5
Necromancy     | 1 |  1.5
Translocations | 1 |  1.5
Fire Magic     | 1 |  1.5
Ice Magic      | 1 |  1.5
Air Magic      | 1 |  1.5
Earth Magic    | 1 |  1.5
Dodging        | 5 |  5.0
Stealth        | |  4.6
Poison Magic   | |  5.6

Action                   |  1- 3 |  4- 6 || total
-------------------------+-------+-------++-------
Melee: Short sword       |    24 |     1 ||    25
       Bite              |     4 |     1 ||     5
 Fire: Hunting sling     |       |    27 ||    27
 Cast: Sting             |    50 |    26 ||    76
       Poisonous Vapours |     8 |    37 ||    45
  Use: Scroll            |     4 |     1 ||     5
Armor: Robe              |     6 |     5 ||    11
Dodge: Dodged            |    44 |    20 ||    64

Table legend: (Time is in decaauts)
 A = Elapsed time spent in this place.
 B = Non-inter-level travel time spent in this place.
 C = Inter-level travel time spent in this place.
 D = Time resting spent in this place.
 E = Time spent auto-exploring this place.
 F = Levels seen in this place.
 G = Mean time per level.
                   A        B        C        D        E       F      G
               +--------+--------+--------+--------+--------+-----+--------+
         Total |   2863 |   2863 |      0 |      0 |   1715 |   3 |  954.3 |
       Dungeon |   2863 |   2863 |      0 |      0 |   1715 |   3 |  954.3 |
               +--------+--------+--------+--------+--------+-----+--------+

Top non-repeatable levels by time:
     D:1: 1136 daAuts
     D:2: 864 daAuts
     D:3: 862 daAuts
